 Dungeon Crawl Stone Soup version 0.28-a0-998-gb9e9c7b67e (webtiles) character file.

Game seed: 6802851692747109250

311602 bearlyready the Wrestler (level 21, -1/202 HPs)
             Began as a Ghoul Gladiator on Dec 5, 2021.
             Was the Champion of Makhleb.
             Slain by Mennas (12 damage)
             ... on level 4 of the Vaults.
             The game lasted 01:18:33 (49470 turns).

bearlyready the Wrestler (Ghoul Gladiator)         Turns: 49470, Time: 01:18:34

Health: -1/202     AC: 38    Str: 33    XL:     21   Next: 28%
Magic:  0/33       EV: 11    Int:  3    God:    Makhleb [******]
Gold:   1646       SH: 11    Dex: 10    Spells: 20/20 levels left

rFire   + . .      SeeInvis .     - Unarmed
rCold   + + .      Faith    .   H - +0 kite shield {reflect}
rNeg    + + +      Spirit   +   T - +3 storm dragon scales {Bai Suzhen}
rPois   ∞          Reflect  +   s - +2 helmet
rElec   +          Harm     .   F - +2 cloak "Qiap" {Str+4 Stlth+}
rCorr   +          Rampage  .   (no gloves)
Will    +....                   f - +1 pair of boots
Stlth   ..........              q - amulet of guardian spirit
HPRegen 0.00/turn               e - +4 ring of protection
MPRegen 0.23/turn               Z - ring of the Tortoise {AC+8}

@: resistant, inhibited regen, hasted, glowing, silenced, very quick
A: claws 1, cold resistance 1, negative energy resistance 3, inhibited
regeneration, torment resistance 2
}: 2/15 runes: decaying, serpentine
a: Renounce Religion


You were on level 4 of the Vaults.
You worshipped Makhleb.
Makhleb was exalted by your worship.
You visited 7 branches of the dungeon, and saw 37 of its levels.
You also visited: Gauntlet and Ice Cave.

You collected 5181 gold pieces.
You spent 3535 gold pieces at shops.

Inventory:

Hand Weapons
 a - a +1 vorpal hunting sling
Missiles
 i - 96 poisoned darts (quivered)
 j - 1091 stones
 l - 473 sling bullets
 U - 14 javelins
 X - 6 silver javelins
Armour
 f - a +1 pair of boots (worn)
 s - a +2 helmet (worn)
 z - the +6 scale mail of the Game of Kings {rPois rC+ Int+2 Dex+2}
   (You took it off a minotaur in a Gauntlet)

   Int:       It affects your intelligence (+2).
   Dex:       It affects your dexterity (+2).
   rC:        It protects you from cold.
   rPois:     It protects you from poison.
 F - the +2 cloak "Qiap" (worn) {Str+4 Stlth+}
   (You bought it in a shop on level 1 of the Vaults)

   Str:       It affects your strength (+4).
   Stlth:     It makes you more stealthy.
 H - a +0 kite shield of reflection (worn)
 T - +3 storm dragon scales (worn) {Bai Suzhen}
Jewellery
 e - a +4 ring of protection (left claw)
 q - an amulet of guardian spirit (around neck)
 B - an amulet of faith
 K - the ring "Kesom" {rF+ SInv}
   (You found it in a Gauntlet)

   [ring of see invisible]

   rF:        It protects you from fire.
   SInv:      It lets you see invisible.
 Z - the ring of the Tortoise (right claw) {AC+8}
   (You found it on level 12 of the Dungeon)

   [ring of protection]

   AC:        It affects your AC (+8).
Wands
 b - a wand of charming (5)
 c - a wand of iceblast (16)
 v - a wand of flame (103)
 G - a wand of polymorph (25)
 Q - a wand of paralysis (9)
 W - a wand of mindburst (25)
Scrolls
 d - 4 scrolls of fear
 h - 24 scrolls of teleportation
 m - 5 scrolls of enchant armour
 u - 10 scrolls of immolation
 x - 10 scrolls of identify
 C - 2 scrolls of torment
 E - 9 scrolls of amnesia
 J - 3 scrolls of blinking
 L - a scroll of summoning
 N - 3 scrolls of enchant weapon
 V - 13 scrolls of magic mapping
 Y - 6 scrolls of fog
Potions
 k - 5 potions of might
 n - 3 potions of invisibility
 p - 5 potions of heal wounds
 r - 2 potions of ambrosia
 t - 2 potions of resistance
 w - 4 potions of brilliance
 y - a potion of mutation
 A - 18 potions of curing
 M - 5 potions of magic
 O - 8 potions of haste
 P - 6 potions of flight
 R - 4 potions of cancellation
 S - 5 potions of attraction
Miscellaneous
 o - a condenser vane
 D - a phantom mirror (inert)
 I - a box of beasts


   Skills:
 + Level 20.6 Fighting
 - Level 10.0 Slings
 - Level 1.7(6.5) Throwing
 - Level 9.1 Armour
 - Level 8.0 Dodging
 - Level 11.0 Shields
 + Level 23.1 Unarmed Combat
 - Level 18.0 Invocations
 - Level 7.0 Evocations


You had 20 spell levels left.
You didn't know any spells.
Your spell library contained the following spells:

 Spells                   Type           Power      Damage    Failure   Level
 Animate Skeleton         Necr           0%         N/A       98%         1
 Apportation              Tloc           0%         N/A       98%         1
 Magic Dart               Conj           0%         1d3       98%         1
 Shock                    Conj/Air       0%         1d3       98%         1
 Slow                     Hex            0%         N/A       98%         1
 Sting                    Tmut/Pois      0%         1d3       98%         1
 Summon Small Mammal      Summ           0%         N/A       98%         1
 Call Imp                 Summ           0%         N/A       99%         2
 Corpse Rot               Necr/Air       0%         N/A       99%         2
 Ensorcelled Hibernation  Hex/Ice        0%         N/A       99%         2
 Poisonous Vapours        Pois/Air       0%         N/A       99%         2
 Scorch                   Fire           0%         2d5       99%         2
 Static Discharge         Conj/Air       0%         N/A       99%         2
 Call Canine Familiar     Summ           0%         N/A       100%        3
 Confusing Touch          Hex            0%         N/A       100%        3
 Dazzling Flash           Conj/Hex       0%         N/A       100%        3
 Ignite Poison            Fire/Tmut/Pois 0%         N/A       100%        3
 Mephitic Cloud           Conj/Pois/Air  0%         N/A       100%        3
 Portal Projectile        Hex/Tloc       0%         N/A       100%        3
 Stone Arrow              Conj/Erth      0%         3d7       100%        3
 Summon Guardian Golem    Hex/Summ       0%         N/A       100%        3
 Swiftness                Air            0%         N/A       100%        3
 Tukima's Dance           Hex            0%         N/A       100%        3
 Vampiric Draining        Necr           0%         2d6       100%        3
 Airstrike                Air            0%         N/A       100%        4
 Animate Armour           Summ/Erth      0%         N/A       100%        4
 Animate Dead             Necr           0%         N/A       100%        4
 Dispel Undead            Necr           0%         3d6       100%        4
 Flame Wave               Conj/Fire      0%         2d4       100%        4
 Fulminant Prism          Conj/Hex       0%         3d6       100%        4
 Iskenderun's Mystic Bla  Conj/Tloc      0%         2d3       100%        4
 Olgreb's Toxic Radiance  Pois           0%         N/A       100%        4
 Petrify                  Tmut/Erth      0%         N/A       100%        4
 Sticky Flame             Conj/Fire      0%         2d3       100%        4
 Summon Ice Beast         Ice/Summ       0%         N/A       100%        4
 Agony                    Necr           0%         N/A       100%        5
 Alistair's Intoxication  Tmut/Pois      0%         N/A       100%        5
 Borgnjor's Vile Clutch   Necr/Erth      0%         N/A       100%        5
 Excruciating Wounds      Necr           0%         N/A       100%        5
 Freezing Cloud           Conj/Ice/Air   0%         6-21      100%        5
 Lee's Rapid Deconstruct  Erth           0%         3d5*      100%        5
 Lightning Bolt           Conj/Air       0%         1d11      100%        5
 Silence                  Hex/Air        0%         N/A       100%        5
 Summon Mana Viper        Hex/Summ       0%         N/A       100%        5
 Yara's Violent Unravell  Hex/Tmut       0%         3d3       100%        5
 Conjure Ball Lightning   Conj/Air       0%         3x3d6     100%        6
 Death Channel            Necr           0%         N/A       100%        6
 Eringya's Noxious Bog    Tmut/Pois      0%         N/A       100%        6
 Starburst                Conj/Fire      0%         6d3       100%        6
 Summon Cactus Giant      Summ           0%         N/A       100%        6
 Haunt                    Necr/Summ      0%         N/A       100%        7
 Monstrous Menagerie      Summ           0%         N/A       100%        7
 Discord                  Hex            0%         N/A       100%        8
 Disjunction              Tloc           0%         N/A       100%        8
 Infestation              Necr           0%         N/A       100%        8
 Lehudib's Crystal Spear  Conj/Erth      0%         10d2      100%        8
 Maxwell's Capacitive Co  Air            0%         ∞         100%        8
 Spider Form              Tmut/Pois      Unusable   N/A       N/A         3
 Blade Hands              Tmut           Unusable   N/A       N/A         5
 Statue Form              Tmut/Erth      Unusable   N/A       N/A         6
 Necromutation            Tmut/Necr      Unusable   N/A       N/A         8
 Death's Door             Necr           Unusable   N/A       N/A         9

Dungeon Overview and Level Annotations

Branches:
Dungeon (15/15)            Temple (1/1) D:5            Lair (6/6) D:11
  Swamp (4/4) Lair:4        Snake (4/4) Lair:4        Slime (0/5) Lair:5
    Orc (2/2) D:9             Elf (0/3) Orc:2        Vaults (5/5) D:14
  Crypt (0/3) Vaults:2     Depths (0/4) D:15          IceCv (visited)
Gauntlet (visited)

Altars:
Ashenzari
Cheibriados
Dithmenos
Elyvilon
Fedhas
Gozag
Hepliaklqana
Kikubaaqudgha
Makhleb
Nemelex Xobeh
Okawaru
Qazlal
Ru
Sif Muna
Trog
Uskayaw
Vehumet
Wu Jian
Xom
Yredelemnul
Zin
The Shining One
Beogh

Shops:
D:2 ****:   D:3 *   D:6 !   D:7 [   Orc:1 [   Orc:2 [*(:   Snake:1 *
Snake:2 =!   Snake:3 *((*(   Vaults:1 [

Annotations:
Lair:5 exclusion: 2 oklob plants
Vaults:4 Mennas


Innate Abilities, Weirdness & Mutations

You thrive by killing the living.
You are immune to poison.
You have sharp fingernails.
Your flesh is cold resistant. (rC+)
You are immune to negative energy. (rN+++)
You do not regenerate when monsters are visible.
You are immune to unholy pain and torment.


Message History

Mennas shakes his head sadly.
The deep troll earth mage bites you.
You block the deep troll earth mage's attack.
The deep troll earth mage claws you but does no damage.
Mennas hits you with a +5 eudemon blade of holy wrath!!
You convulse!!
* * * LOW HITPOINT WARNING * * *
You block Mennas's attack.
Magic scrolls do not work when you're silenced!
Unknown command.
Press: ? - help, v - describe, . - travel
Here: Mennas, wielding a +5 eudemon blade of holy wrath and wearing a +0 tower shield of protection (silenced, heavily wounded, inner flame, radiating silence, haloed)
The floor.
You feel much better.
Mennas hits you with a +5 eudemon blade of holy wrath!
* * * LOW HITPOINT WARNING * * *
You convulse!
* * * LOW HITPOINT WARNING * * *
Mennas hits you but does no damage.
The deep troll earth mage bites you but does no damage.
The deep troll earth mage claws you.
* * * LOW HITPOINT WARNING * * *
The deep troll earth mage barely misses you.
Aiming: Paralyse
Press: ? - help, Shift-Dir - straight line, f - Mennas
Aim: Mennas, wielding a +5 eudemon blade of holy wrath and wearing a +0 tower shield of protection (silenced, heavily wounded, inner flame, radiating silence, haloed, chance to affect: 0%)
Okay, then.
Unknown command.
Magic scrolls do not work when you're silenced!
Unknown command.
You feel yourself speed up.
Mennas hits you with a +5 eudemon blade of holy wrath!
* * * LOW HITPOINT WARNING * * *
You convulse!
* * * LOW HITPOINT WARNING * * *
You block Mennas's attack. The deep troll earth mage bites you.
* * * LOW HITPOINT WARNING * * *
You block the deep troll earth mage's attack. x2
Mennas hits you with a +5 eudemon blade of holy wrath!
You die...

#.##...##.# #########'###'#
#.##...##.# #.#....[....#.#
#..#..##..# #.#.8.....8.#.#
##...##..## #.#.........#.#
##.....## #'###'#########
##'#############.#..#...#..#.#
#.......#......'.#..#...#..#.#
#.......#......##'######'##'##
#.......#...>T@'.#..#...#..#.#
#.......#....A.###############
#.......#......#
#.......'......#
################


You could see Mennas (inner flame, silencing) and a deep troll earth mage (very
poisoned).

Vanquished Creatures
  Bai Suzhen (Vaults:4)
  The ghost of hellse the Metallomancer, a veteran GrEE of Vehumet (Vaults:2)
  Rupert (Lair:6)
  Asterion (Vaults:2)
  Mlioglotl (Swamp:2)
  A quicksilver dragon (Snake:4)
  3 sphinxes
  Kirke (Swamp:1)
  Donald (Swamp:2)
  A shadow dragon (Vaults:5)
  Roxanne (Snake:3)
  6 nagarajas
  Louise (D:14)
  6 vault wardens
  A reaper (IceCv)
  18 ironbound preservers
  2 orc warlords
  2 stone giants
  A vampire knight (Vaults:2)
  6 eleionomae
  14 dire elephants
  An entropy weaver (Vaults:4)
  Azrael (D:14)
  The ghost of ders the Warrior, a journeyman MiBe of Trog (D:11)
  A minotaur (Gauntlet)
  3 bunyips
  A blizzard demon (Gauntlet)
  3 fire dragons
  Snorg (Lair:3)
  A crystal guardian (Vaults:2)
  A deep elf death mage (Vaults:1)
  11 yaktaur captains
  3 great orbs of eyes
  A deep elf high priest (Vaults:2)
  7 hydras
  2 ironbound thunderhulks
  30 vault guards
  3 ice dragons (Swamp:4)
  9 naga warriors
  A peacekeeper (Vaults:2)
  A salamander tyrant (Snake:1)
  5 boulder beetles
  A catoblepas (Lair:5)
  10 centaur warriors
  9 ironbound frosthearts
  4 anacondas
  2 tengu warriors (D:15)
  10 two-headed ogres
  11 alligators
  A death knight (D:15)
  9 death yaks
  4 orc high priests
  A hell knight (Vaults:3)
  4 shock serpents
  Sonja (Lair:3)
  9 naga sharpshooters
  A deep elf knight (D:12)
  A soul eater (Gauntlet)
  A salamander mystic (Snake:2)
  2 goliath frogs (Swamp:1)
  2 skeletal warriors
  62 deep trolls
  6 bog bodies
  3 swamp dragons
  6 spriggan druids
  2 naga ritualists
  3 necromancers
  A harpy (shapeshifter) (D:12)
  16 lindwurms
  3 harpies (Vaults:1)
  7 wizards
  3 deep elf pyromancers
  11 ironbound convokers
  11 orc knights
  Pikel (D:7)
  A stone giant zombie (Vaults:2)
  10 cyclopes
  18 ugly things
  3 orc sorcerers
  4 manticores
  9 mana vipers
  5 salamanders
  A human zombie (Vaults:4)
  4 will-o-the-wisps
  A rust devil (Gauntlet)
  7 vault sentinels
  Maurice (D:8)
  27 black mambas
  10 naga magi
  3 ice statues
  Joseph (D:10)
  15 elephants
  4 guardian serpents
  11 cane toads
  3 gargoyles
  An unseen horror (D:13)
  11 rime drakes
  A yaktaur zombie (Vaults:4)
  8 ice devils
  13 komodo dragons
  5 freezing wraiths
  A yaktaur skeleton (Vaults:2)
  2 anaconda simulacra (IceCv)
  35 yaktaurs
  2 entropy weaver simulacra (IceCv)
  A human skeleton (Vaults:4)
  9 trolls
  10 hornets
  14 polar bears
  4 tyrant leeches
  21 blink frogs
  24 slime creatures
  2 elf zombies (Vaults:2)
  A shadow (D:12)
  2 redbacks (Vaults:4)
  7 vampires
  3 water elementals (D:15)
  11 spriggans
  A ynoxinul (Gauntlet)
  4 dire elephant simulacra (IceCv)
  6 wyverns
  5 basilisks
  6 wraiths
  A hog (Swamp:1)
  63 yaks
  5 fire elementals (D:14)
  5 steam dragons
  A death yak simulacrum (IceCv)
  5 vampire mosquitoes
  The ghost of voltaire321 the Insei, an amateur DsTm (D:4)
  8 wargs
  Menkaure (D:7)
  A yaktaur simulacrum (Vaults:4)
  41 nagas
  6 swamp worm simulacra (Swamp:4)
  2 harpy simulacra (IceCv)
  16 swamp worms
  Duvessa (D:7)
  15 water moccasins
  4 swamp drakes
  15 hydra simulacra (Swamp:4)
  17 hell hounds
  7 ice beasts
  An ice beast (shapeshifter) (D:12)
  28 orc warriors
  2 sky beasts
  21 black bears
  7 centaurs
  9 ogres
  A necrophage (D:8)
  16 wolves
  A phantom (D:6)
  2 kobold brigands
  A gnoll sergeant (D:12)
  12 bullfrogs
  A wyvern zombie (D:7)
  A water moccasin zombie (D:6)
  A glowing shapeshifter simulacrum (Vaults:4)
  A cane toad simulacrum (IceCv)
  2 wyvern skeletons
  Dowan (D:7)
  9 killer bees
  3 wights (D:6)
  4 electric eels
  3 howler monkeys (D:11)
  7 centaur zombies
  A centaur skeleton (D:7)
  2 hounds
  2 jellies
  Crazy Yiuf (D:4)
  20 orc priests
  3 iron imps (Gauntlet)
  27 orc wizards
  7 iguanas
  A troll simulacrum (IceCv)
  A spriggan simulacrum (IceCv)
  5 gnolls (D:12)
  6 adders
  5 shadow imps
  4 white imps
  2 swamp drake simulacra (Swamp:4)
  An ufetubus (IceCv)
  2 worms
  The ghost of ragingrage the Sneak, a weakling MfDe (D:6)
  4 dart slugs
  59 orcs
  7 ball pythons
  6 endoplasms
  3 giant cockroaches
  8 goblins
  7 hobgoblins
  10 jackals
  18 kobolds
  5 quokkas
  3 bats
  6 frilled lizards
  8 rats
1307 creatures vanquished.

Vanquished Creatures (collateral kills)
  A quicksilver dragon (Snake:4)
  A vault guard (D:14)
  A naga sharpshooter (Snake:4)
  A phantasmal warrior (D:14)
  An orc knight (Vaults:2)
  An ogre (Orc:2)
  2 orc priests (Orc:2)
  2 orc wizards (Orc:2)
  A white imp (D:5)
11 creatures vanquished.

Vanquished Creatures (others)
  A fenstrider witch (Swamp:3)
  An ironbound preserver (Vaults:2)
  An alligator (Swamp:1)
  A naga sharpshooter (Snake:4)
  A wizard (Vaults:3)
  A vault sentinel (Vaults:2)
  2 black mambas (Snake:1)
  A yaktaur (Vaults:1)
  A bloated husk (Swamp:4)
  A spriggan (Swamp:1)
  A human (Swamp:1)
  2 electric eels (D:13)
  23 demonic plants (Gauntlet)
  18 foxfires
  43 fungi
  71 plants
169 creatures vanquished.

Grand Total: 1487 creatures vanquished

Notes
Turn   | Place    | Note
-------+----------+-------------------------------------------
     0 | D:1      | bearlyready the Ghoul Gladiator began the quest for the
                  | Orb.
     0 | D:1      | Reached XP level 1. HP: 17/17 MP: 0/0
   155 | D:1      | Reached XP level 2. HP: 24/24 MP: 1/1
   166 | D:1      | Reached skill level 4 in Unarmed Combat
   599 | D:1      | Reached XP level 3. HP: 17/29 MP: 2/2
   819 | D:1      | Found a faded altar of an unknown god.
   938 | D:2      | Found Othenius's Book Emporium.
   955 | D:2      | Found Eroffiesm's Assorted Antiques.
  1176 | D:2      | Reached skill level 5 in Unarmed Combat
  1466 | D:2      | Reached XP level 4. HP: 36/36 MP: 3/3
  1639 | D:2      | Found Yrusulept's General Store.
  1644 | D:2      | Bought a scroll of teleportation for 33 gold pieces
  1646 | D:2      | Found Suebid's Assorted Antiques.
  1668 | D:2      | Found Dyguuph's Assorted Antiques.
  2027 | D:3      | Found Coetrour's General Store.
  2042 | D:3      | Bought a scroll of teleportation for 33 gold pieces
  2153 | D:3      | Reached skill level 6 in Unarmed Combat
  2153 | D:3      | Reached XP level 5. HP: 10/41 MP: 4/4
  3270 | D:4      | Found a runed translucent gate.
  3270 | D:4      | Found a runed translucent gate.
  3365 | D:4      | Found a runed translucent gate.
  3366 | D:4      | Noticed voltaire321's ghost (amateur DsTm)
  3404 | D:4      | You fall into a shaft and drop 1 floor!
  3404 | D:5      | Entered Level 5 of the Dungeon
  3710 | D:5      | Reached skill level 7 in Unarmed Combat
  3710 | D:5      | Reached XP level 6. HP: 48/48 MP: 5/5
  4067 | D:5      | Reached skill level 8 in Unarmed Combat
  4070 | D:5      | Reached XP level 7. HP: 48/55 MP: 6/6
  4124 | D:5      | Found a staircase to the Ecumenical Temple.
  4164 | D:5      | Reached skill level 9 in Unarmed Combat
  4176 | Temple   | Entered the Ecumenical Temple
  4271 | Temple   | Became a worshipper of Makhleb the Destroyer
  4666 | D:5      | Reached skill level 10 in Unarmed Combat
  4894 | D:5      | Reached XP level 8. HP: 51/61 MP: 7/7
  5058 | D:6      | Found a runed translucent gate.
  5059 | D:6      | Found a runed translucent gate.
  5059 | D:6      | Noticed a vampire
  5060 | D:6      | Found a runed translucent gate.
  5060 | D:6      | Noticed ragingrage's ghost (weakling MfDe)
  5061 | D:6      | Noticed a two-headed ogre
  5247 | D:6      | Reached skill level 11 in Unarmed Combat
  5559 | D:6      | Found Moip's Distillery.
  5579 | D:6      | Bought a potion of heal wounds for 65 gold pieces
  5579 | D:6      | Bought a potion of heal wounds for 65 gold pieces
  5579 | D:6      | Bought a potion of heal wounds for 65 gold pieces
  5768 | D:6      | Reached skill level 12 in Unarmed Combat
  5856 | D:7      | Noticed Dowan
  5860 | D:7      | Noticed Duvessa
  5867 | D:7      | Noticed Menkaure
  5907 | D:7      | Killed Dowan
  5971 | D:7      | Killed Duvessa
  5972 | D:7      | Reached XP level 9. HP: 57/70 MP: 8/8
  6090 | D:7      | Killed Menkaure
  6300 | D:7      | Reached * piety under Makhleb
  6324 | D:7      | Reached skill level 5 in Fighting
  6353 | D:7      | Found a sparkling altar of Nemelex Xobeh.
  6380 | D:7      | Found a stormy altar of Qazlal.
  6383 | D:7      | Found a hazy altar of Hepliaklqana.
  6465 | D:7      | Reached skill level 13 in Unarmed Combat
  6525 | D:7      | Noticed Pikel
  6549 | D:7      | Killed Pikel
  6603 | D:7      | Found Coabbo's Armour Shoppe.
  6909 | D:8      | Reached XP level 10. HP: 67/84 MP: 9/11
  7113 | D:8      | Noticed Maurice
  7275 | D:8      | Noticed a two-headed ogre
  7285 | D:8      | Killed a two-headed ogre
  7286 | D:8      | Reached skill level 1 in Slings
  7463 | D:8      | Killed Maurice
  7464 | D:8      | Reached skill level 14 in Unarmed Combat
  7683 | D:8      | Reached ** piety under Makhleb
  7949 | D:9      | Found an opulent altar of Gozag.
  8284 | D:9      | Reached XP level 11. HP: 90/95 MP: 13/13
  8326 | D:9      | Noticed a two-headed ogre
  8339 | D:9      | Killed a two-headed ogre
  8417 | D:9      | Found a staircase to the Orcish Mines.
  8944 | D:10     | Entered Level 10 of the Dungeon
  9004 | D:10     | Noticed a two-headed ogre
  9015 | D:10     | Killed a two-headed ogre
  9162 | D:10     | Noticed Joseph
  9171 | D:10     | Killed Joseph
  9235 | D:10     | Noticed a red ugly thing
  9248 | D:10     | Reached skill level 15 in Unarmed Combat
  9251 | D:10     | Killed a red ugly thing
  9252 | D:10     | Reached skill level 5 in Invocations
  9323 | D:10     | Noticed a cyclops
  9331 | D:10     | Killed a cyclops
  9457 | D:10     | Reached skill level 5 in Slings
  9463 | D:10     | Reached skill level 10 in Fighting
  9464 | D:10     | Reached *** piety under Makhleb
  9841 | D:7      | Bought a +0 buckler for 45 gold pieces
  9935 | D:11     | Found a runed translucent gate.
  9935 | D:11     | Found a runed translucent gate.
  9935 | D:11     | Found a runed translucent gate.
  9935 | D:11     | Noticed ders's ghost (journeyman MiBe)
  9937 | D:11     | Found a basalt altar of Yredelemnul.
  9957 | D:11     | Reached skill level 1 in Shields
 10024 | D:11     | Found a staircase to the Lair.
 10025 | D:11     | Noticed a cyclops
 10034 | D:11     | Killed a cyclops
 10092 | D:11     | Noticed a two-headed ogre
 10102 | D:11     | Killed a two-headed ogre
 10254 | D:11     | Reached XP level 12. HP: 107/107 MP: 15/15
 10322 | D:11     | Noticed a two-headed ogre
 10337 | D:11     | Killed a two-headed ogre
 10824 | D:12     | Noticed a two-headed ogre
 10844 | D:12     | Killed a two-headed ogre
 10933 | D:12     | Noticed a two-headed ogre
 10958 | D:12     | Killed a two-headed ogre
 11902 | D:12     | Found the ring of the Tortoise {AC+8}
 11902 | D:12     | Noticed a yaktaur captain
 11912 | D:12     | Killed a yaktaur captain
 11993 | D:12     | Noticed a deep elf knight
 12007 | D:12     | Killed a deep elf knight
 12008 | D:12     | Reached skill level 1 in Evocations
 12342 | D:12     | Reached skill level 16 in Unarmed Combat
 12356 | D:12     | Reached XP level 13. HP: 116/116 MP: 17/17
 12497 | D:12     | Identified a scroll of acquirement
 12498 | D:12     | Acquired 755 gold pieces
 13254 | D:12     | Reached **** piety under Makhleb
 13940 | D:13     | Reached skill level 5 in Shields
 14087 | D:13     | Identified the +0 ring mail of Gufrafati {Rampage rCorr
                  | Int+4 Stlth-}
 14760 | D:14     | Noticed a vault guard
 14762 | D:14     | Noticed a fire dragon
 14789 | D:14     | Killed a vault guard
 14797 | D:14     | HP: 5/118 [fire dragon/blast of flame (20)]
 14926 | D:14     | HP: 3/118 [large slime creature (28)]
 15125 | D:14     | Noticed Louise
 15147 | D:14     | Killed Louise
 15635 | D:14     | Noticed Azrael
 16090 | Lair:1   | Entered Level 1 of the Lair of Beasts
 16678 | Lair:1   | Reached XP level 14. HP: 117/127 MP: 20/20
 17593 | Lair:2   | Reached ***** piety under Makhleb
 18025 | Lair:2   | Reached skill level 17 in Unarmed Combat
 18025 | Lair:2   | Reached skill level 10 in Invocations
 18189 | Lair:2   | Identified the +2 ring mail of Ignis's Felicitations {*Slow
                  | rC+ Int+5 Slay+3}
 18396 | Lair:3   | Noticed Sonja
 18401 | Lair:3   | Killed Sonja
 18741 | Lair:3   | Noticed Snorg
 18752 | Lair:3   | Killed Snorg
 18753 | Lair:3   | Reached skill level 1 in Armour
 19476 | Lair:4   | Found a staircase to the Snake Pit.
 20193 | Lair:4   | Found a staircase to the Swamp.
 20710 | Lair:5   | Reached XP level 15. HP: 136/136 MP: 22/22
 20734 | Lair:5   | Found a frozen archway.
 20757 | IceCv    | Entered an ice cave
 20763 | IceCv    | Reached ****** piety under Makhleb
 21754 | Lair:5   | Found an ancient bone altar of Kikubaaqudgha.
 21821 | Lair:5   | Reached skill level 5 in Dodging
 22201 | Lair:5   | Found a staircase to the Slime Pits.
 22397 | Lair:6   | Entered Level 6 of the Lair of Beasts
 22397 | Lair:6   | Noticed Rupert
 22802 | Lair:6   | Reached skill level 18 in Unarmed Combat
 22837 | Lair:6   | Reached skill level 5 in Armour
 23127 | Lair:6   | Killed Rupert
 23401 | Lair:6   | Reached XP level 16. HP: 147/147 MP: 23/23
 24319 | D:14     | Found a gate to the Vaults.
 24407 | D:14     | Killed Azrael
 25257 | D:15     | Entered Level 15 of the Dungeon
 25278 | D:15     | Found a gate leading to a gauntlet.
 25285 | Gauntlet | Entered a Gauntlet
 25285 | Gauntlet | Found a large runed translucent door.
 25285 | Gauntlet | Found a large runed translucent door.
 25285 | Gauntlet | Found a large runed translucent door.
 25285 | Gauntlet | Found a large runed translucent door.
 25285 | Gauntlet | Found a runed translucent door.
 25285 | Gauntlet | Found a large runed translucent door.
 25285 | Gauntlet | Found a large runed translucent door.
 25285 | Gauntlet | Found a transporter.
 25285 | Gauntlet | Found a transporter.
 25285 | Gauntlet | Found a large runed translucent door.
 25285 | Gauntlet | Found a large runed translucent door.
 25285 | Gauntlet | Found a runed translucent gate.
 25285 | Gauntlet | Found a runed translucent gate.
 25285 | Gauntlet | Found a transporter.
 25310 | Gauntlet | Found a transporter.
 25313 | Gauntlet | Found a transporter.
 25313 | Gauntlet | Found a transporter.
 25314 | Gauntlet | Found a runed translucent gate.
 25314 | Gauntlet | Found a runed translucent door.
 25318 | Gauntlet | Found a large runed translucent door.
 25318 | Gauntlet | Found a large runed translucent door.
 25323 | Gauntlet | Found a transporter.
 25327 | Gauntlet | Found a transporter.
 25339 | Gauntlet | Found a transporter.
 25382 | Gauntlet | Found a large runed translucent door.
 25382 | Gauntlet | Found a large runed translucent door.
 25385 | Gauntlet | Found a large runed translucent door.
 25385 | Gauntlet | Found a large runed translucent door.
 25386 | Gauntlet | Found a large runed translucent door.
 25387 | Gauntlet | Found a large runed translucent door.
 25441 | Gauntlet | Found a transporter.
 25495 | Gauntlet | Acquired 394 gold pieces
 25502 | Gauntlet | Found a transporter.
 25542 | Gauntlet | Found a transporter.
 25565 | Gauntlet | Identified the ring "Kesom" {rF+ SInv}
 25638 | Gauntlet | Identified the +6 scale mail of the Game of Kings {rPois
                  | rC+ Int+2 Dex+2}
 25747 | Gauntlet | Got Kikubaaqudgha's Compendium of Dark Rites
 27044 | D:15     | Found a staircase to the Depths.
 27168 | D:15     | Reached skill level 15 in Fighting
 27617 | Orc:1    | Entered Level 1 of the Orcish Mines
 27841 | Orc:1    | Found Cedo's Antique Armour Boutique.
 28081 | Orc:2    | Entered Level 2 of the Orcish Mines
 30324 | Orc:2    | Found Meul's Armour Emporium.
 30324 | Orc:2    | Found Qugroudgh's Weapon Shoppe.
 30325 | Orc:2    | Found Querhin's Book Shoppe.
 30329 | Orc:2    | Found Wiurphija's General Store.
 30338 | Orc:2    | Reached skill level 10 in Shields
 30344 | Orc:2    | Bought a scroll of blinking for 127 gold pieces
 30464 | Orc:2    | Found a staircase to the Elven Halls.
 30785 | Snake:1  | Entered Level 1 of the Snake Pit
 30785 | Snake:1  | Found Owohoeci's Assorted Antiques.
 30797 | Snake:1  | Bought a potion of curing for 102 gold pieces
 30797 | Snake:1  | Bought a scroll of enchant armour for 255 gold pieces
 30797 | Snake:1  | Bought a scroll of magic mapping for 119 gold pieces
 31123 | Snake:1  | Noticed a nagaraja
 31124 | Snake:1  | Noticed a nagaraja
 31134 | Snake:1  | Killed a nagaraja
 31653 | Snake:1  | Killed a nagaraja
 31668 | Snake:1  | Reached XP level 17. HP: 114/156 MP: 24/24
 32188 | Snake:1  | Reached skill level 19 in Unarmed Combat
 32848 | Snake:2  | Found Siwegg's Jewellery Shoppe.
 32872 | Snake:2  | Found Ripnejo's Distillery.
 32889 | Snake:2  | Bought a potion of curing for 57 gold pieces
 32889 | Snake:2  | Bought a potion of might for 76 gold pieces
 32901 | Snake:2  | Bought an amulet of guardian spirit for 450 gold pieces
 33175 | Snake:3  | Identified Roxanne's Almanac of Transmigration
 33175 | Snake:3  | Noticed Roxanne
 33304 | Snake:3  | Found Fick's Weapon Shoppe.
 33532 | Snake:3  | Found Ogirec's Weapon Shop.
 33542 | Snake:3  | Found Fohabed's Assorted Antiques.
 33572 | Snake:3  | Bought a potion of curing for 108 gold pieces
 33572 | Snake:3  | Bought a scroll of magic mapping for 126 gold pieces
 33572 | Snake:3  | Bought 3 scrolls of teleportation for 324 gold pieces
 33584 | Snake:3  | Found Bowkaz's Weapon Shoppe.
 34127 | Snake:3  | Found Opsenuna's General Store.
 34141 | Snake:3  | Bought a scroll of teleportation for 42 gold pieces
 34141 | Snake:3  | Bought a manual of Invocations for 1120 gold pieces
 34330 | Snake:3  | Killed Roxanne
 34780 | Snake:4  | Entered Level 4 of the Snake Pit
 35833 | Snake:4  | Noticed a quicksilver dragon
 35835 | Snake:4  | Noticed a quicksilver dragon
 35841 | Snake:4  | Killed a quicksilver dragon
 36294 | Snake:4  | Killed a quicksilver dragon
 36633 | Snake:4  | Got a serpentine rune of Zot
 36798 | Swamp:1  | Entered Level 1 of the Swamp
 36829 | Swamp:1  | Noticed Kirke
 36844 | Swamp:1  | Reached XP level 18. HP: 125/166 MP: 19/27
 36862 | Swamp:1  | Killed Kirke
 37963 | Swamp:2  | Noticed Mlioglotl
 38037 | Swamp:2  | Killed Mlioglotl
 38504 | Swamp:2  | Noticed Donald
 38520 | Swamp:2  | Killed Donald
 38967 | Swamp:2  | Reached skill level 20 in Unarmed Combat
 39153 | Swamp:3  | Reached skill level 15 in Invocations
 39175 | Swamp:3  | Reached skill level 10 in Slings
 39922 | Swamp:4  | Entered Level 4 of the Swamp
 40966 | Swamp:4  | Got a decaying rune of Zot
 41234 | Vaults:1 | Entered Level 1 of the Vaults
 41507 | D:4      | Killed voltaire321's ghost
 41551 | D:4      | Found a runed translucent door.
 41552 | D:4      | Noticed Crazy Yiuf
 41556 | D:4      | Killed Crazy Yiuf
 41659 | D:6      | Killed ragingrage's ghost
 41918 | D:11     | Killed ders's ghost
 42369 | Vaults:1 | Reached XP level 19. HP: 177/177 MP: 30/30
 42747 | Vaults:1 | You fall into a shaft and drop 1 floor!
 43264 | Vaults:2 | Found a runed translucent door.
 43267 | Vaults:2 | Noticed hellse's ghost (veteran GrEE)
 43407 | Vaults:2 | Noticed Asterion
 43433 | Vaults:2 | Killed Asterion
 43463 | Vaults:1 | Reached skill level 21 in Unarmed Combat
 43525 | Vaults:1 | Reached skill level 5 in Evocations
 44003 | Vaults:1 | Found Docigan's Antique Armour Shoppe.
 44820 | Vaults:1 | Bought a steaming cloak for 323 gold pieces
 44820 | Vaults:1 | Identified the +2 cloak "Qiap" {Str+4 Stlth+} (You bought
                  | it in a shop on level 1 of the Vaults)
 45535 | Vaults:2 | Found a staircase to the Crypt.
 45555 | Vaults:2 | Paralysed by a vampire knight for 7 turns
 45943 | Vaults:2 | Reached XP level 20. HP: 179/189 MP: 23/32
 46771 | Vaults:2 | Killed hellse's ghost
 47846 | Vaults:3 | Reached skill level 22 in Unarmed Combat
 48377 | Vaults:4 | Noticed Bai Suzhen
 48389 | Vaults:4 | Killed Bai Suzhen
 49309 | Vaults:4 | Reached XP level 21. HP: 201/201 MP: 28/33
 49448 | Vaults:5 | Entered Level 5 of the Vaults
 49448 | Vaults:5 | Noticed Mennas
 49458 | Vaults:5 | Reached skill level 23 in Unarmed Combat
 49470 | Vaults:4 | Slain by Mennas

Illustrated notes

Levels and vault maps discovered:
D:1:      giann_bridges, layout_loops_cross, chequers_ecumenical_altar_simple
D:2:      layout_loops_cross, serial_shops, nicolae_shop_statue_plus,
          nicolae_shop_trees, shop, nicolae_shop_hallway_plus, shop,
          grunt_decor_clamped
D:3:      layout_basic, serial_shops, shop
D:4:      layout_rooms, ebering_ghost_rock_garden, minmay_distorted,
          uniq_crazy_yiuf_cottage
D:5:      layout_basic, minmay_temple_entry_large_hall
D:6:      layout_loops_ring, mainiacjoe_overflow_concentric_impassable,
          serial_shops, nicolae_shop_stone, gammafunk_ghost_split,
          kennysheep_decorative_pillar
D:7:      layout_basic, grunt_temple_overflow_cloverleaf, serial_shops,
          kennysheep_mini, minmay_ruined_shrine, uniq_menkaure, uniq_duvessa,
          uniq_pikel
D:8:      layout_basic, due_unseen_surprise, uniq_maurice
D:9:      layout_big_octagon, mainiacjoe_overflow_cross_hatched, erik_orc_1
D:10:     layout_rooms, amcnicky_mini_rare_corridor_liquid, minivault_10,
          minmay_sticks_and_stones, uniq_joseph
D:11:     layout_basic, lair_entry_dummy, nicolae_yredelemnul_ghost_church
D:12:     layout_irregular_city, minmay_evil_grid
D:13:     layout_roguey, lemuel_freeze_loot_1
D:14:     layout_stronghold, david_vaults_4, chequers_garden, uniq_azrael,
          uniq_louise
D:15:     grunt_enter_depths_snipers, layout_basic, gauntlet_entry_generic,
          chequers_big_river
Temple:   lightli_temple_of_artemis
Lair:1:   layout_hall_layers, grunt_megastairs_2
Lair:2:   layout_gridlike, beast_lair_carwin_10
Lair:3:   layout_chaotic_city, serial_bayou_shore_a, uniq_sonja, uniq_snorg
Lair:4:   layout_loops_ring, minmay_swamp_entry_worms,
          guppyfry_snake_entry_island, serial_rivers,
          chequers_serial_rivers_micro_e, chequers_serial_rivers_micro_a,
          chequers_serial_rivers_micro_b, chequers_serial_rivers_micro_c,
          ice2_lemuel
Lair:5:   layout_roguey, minmay_slime_entry_oklob_open,
          portal_ice_cave_entry_pillars_2, basic_altar
Lair:6:   guppyfry_lair_end_dragon, layout_cave_shapes,
          hangedman_lair_caniforms_friends, chequers_serial_rivers_room_a,
          lemuel_fruit_fields, uniq_rupert
Swamp:1:  layout_falls_marsh, evilmike_swamp_ruin_house_2, uniq_kirke
Swamp:2:  layout_basic_swamp, nicolae_swamp_fairy_circle, uniq_donald,
          uniq_mlioglotl
Swamp:3:  layout_basic_swamp, infiniplex_staircase_pool_2, swamp_pool3,
          nicolae_swamp_spooky_pond
Swamp:4:  swamp_icy, layout_basic_swamp
Snake:1:  layout_misc_corridors, serial_shops, nicolae_shop_advertising_works
          [nicolae_subvault_shop_adworks], guppyfry_library_mini
Snake:2:  layout_rooms, minmay_shoptagon
Snake:3:  layout_rooms, serial_shops, shop, nicolae_square_shop, shop_statue,
          shop, nicolae_shop_temple_entry_statues_fountains,
          nicolae_snake_serpentine_hallways, grunt_ministairs_15,
          nicolae_snake_coiling_death, uniq_roxanne
Snake:4:  hellmonk_snake_rune_quicksilver_temple, layout_cave_town
Orc:1:    layout_caves, serial_shops, nicolae_shop_crystal
Orc:2:    st_orc_mages, layout_caves, basic_altar
Vaults:1: hangedman_vaults_river_flow, nicolae_vaults_big_angled_halls,
          hangedman_vaults_pinch, v_misc_12, v_misc_25, vaults_room_grid,
          nicolae_vaults_rhombus_5, vaults_room_pools, layout_vaults_omnigrid,
          serial_shops, shop
Vaults:2: hellmonk_ghost_happy_afterlife, v_misc_28,
          minmay_crypt_entry_vampire_xt, nicolae_vaults_ring_of_whatevers,
          v_misc_33, nicolae_vaults_network_quinsquares
          [nicolae_vaults_network_quincunx_subvault,
          nicolae_vaults_network_quincunx_subvault,
          nicolae_vaults_network_quincunx_subvault,
          nicolae_vaults_network_quincunx_subvault], hangedman_vaults_capsules,
          v_misc_5, nicolae_vaults_little_squares_3, vaults_dpeg_hooks,
          layout_vaults_big_room, uniq_asterion
Vaults:3: nicolae_vaults_little_squares_4, grunt_vaults_diagonal,
          nicolae_vaults_ninety_degrees, hangedman_vaults_stretched_pinwheel,
          ontoclasm_vaults_fault, nicolae_vaults_network_periphery,
          hangedman_vaults_restitches, nicolae_vaults_little_squares_1,
          v_misc_4, nicolae_vaults_specimen_jars, hangedman_vaults_stream,
          ontoclasm_vaults_decontamination,
          vaults_room_grunt_arrival_checkpoint, ontoclasm_vaults_ligature,
          layout_vaults_omnibox
Vaults:4: v_misc_28, vaults_dpeg_diagonal, vaults_room_large_hall,
          ontoclasm_vaults_eye, hangedman_vaults_nails, v_rooms_1,
          ontoclasm_vaults_claustrophobia, v_misc_18, v_misc_8,
          nicolae_vaults_theta, layout_vaults_ring, uniq_bai_suzhen
Vaults:5: serial_shops, uniq_mennas

Skill      XL: |  1  2  3  4  5  6  7  8  9 10 11 12 13 14 15 16 17 18 19 20 21 |
---------------+----------------------------------------------------------------+-----
Unarmed Combat | 4 5 6 7 8 10 12 13 14 15 16 17 18 19 20 21 22 23 | 23.1
Fighting       | 3 6 8 10 11 12 13 14 15 16 17 18 20 | 20.6
Invocations    | 3 4 6 7 9 10 11 13 16 18 | 18.0
Slings         | 4 5 7 8 9 10 | 10.0
Shields        | 2 4 6 7 9 10 11 | 11.0
Evocations     | 2 3 6 7 |  7.0
Dodging        | 4 6 7 8 |  8.0
Armour         | 3 5 7 8 9 |  9.1
Throwing       | |  1.7

Action                   |  1- 3 |  4- 6 |  7- 9 | 10-12 | 13-15 | 16-18 | 19-21 || total
-------------------------+-------+-------+-------+-------+-------+-------+-------++-------
Melee: Unarmed           |   101 |   173 |   226 |   442 |  1404 |  1888 |  1069 ||  5303
       Punch             |     1 |     2 |    13 |    15 |       |     7 |       ||    38
       Hunting sling     |       |       |       |       |    10 |       |       ||    10
 Fire: Hunting sling     |       |       |       |   113 |    43 |   184 |    21 ||   361
Throw: Throwing net      |     2 |     5 |     3 |     2 |       |     2 |       ||    14
       Dart              |       |       |     9 |    29 |    22 |    24 |     3 ||    87
Invok: Lesser Servant of |       |       |       |       |     1 |       |       ||     1
       Greater Servant o |       |       |       |       |       |     4 |       ||     4
       Major Destruction |       |       |       |       |       |     1 |       ||     1
Evoke: Wand              |       |       |     1 |     7 |    17 |    21 |     8 ||    54
       Condenser vane    |       |       |       |       |     2 |     6 |     2 ||    10
       Phantom mirror    |       |       |       |       |       |       |     2 ||     2
  Use: Scroll            |       |       |     2 |       |    24 |    16 |     4 ||    46
       Potion            |       |       |     1 |       |     8 |     7 |     6 ||    22
 Stab: Sleeping          |     1 |       |       |       |       |       |       ||     1
       Held in net/web   |       |     1 |       |     2 |       |     2 |       ||     5
       Petrified         |       |       |       |       |     4 |       |       ||     4
       Confused          |       |       |       |       |       |     4 |     6 ||    10
       Distracted        |       |       |       |       |       |       |     1 ||     1
Armor: Leather armour    |    26 |    25 |    35 |       |       |       |       ||    86
       Ring mail         |       |       |    11 |       |       |       |       ||    11
       Scale mail        |       |       |     1 |   174 |   676 |  1128 |   562 ||  2541
       Storm dragon scal |       |       |       |       |       |       |   128 ||   128
Dodge: Dodged            |    46 |    84 |   118 |   167 |   570 |   789 |   442 ||  2216
Block: Buckler           |       |       |       |    26 |   279 |    61 |       ||   366
       Tower shield      |       |       |       |       |       |  1073 |       ||  1073
       Kite shield       |       |       |       |       |       |   241 |   607 ||   848
       Reflection        |       |       |       |       |       |     7 |    41 ||    48

Table legend: (Time is in decaauts)
 A = Elapsed time spent in this place.
 B = Non-inter-level travel time spent in this place.
 C = Inter-level travel time spent in this place.
 D = Time resting spent in this place.
 E = Time spent auto-exploring this place.
 F = Levels seen in this place.
 G = Mean time per level.
                   A        B        C        D        E       F      G
               +--------+--------+--------+--------+--------+-----+--------+
         Total |  48525 |  45294 |   3231 |   5246 |  30692 |  39 | 1244.2 |
       Dungeon |  19781 |  17736 |   2045 |   1743 |  12933 |  15 | 1318.7 |
        Temple |    106 |     96 |     10 |      0 |     82 |   1 |  106.0 |
          Lair |   7088 |   6544 |    544 |      5 |   5001 |   6 | 1181.3 |
         Swamp |   4444 |   4252 |    192 |    467 |   2780 |   4 | 1111.0 |
     Snake Pit |   5935 |   5784 |    151 |   1077 |   3459 |   4 | 1483.8 |
  Orcish Mines |   3048 |   2968 |     80 |   1584 |    810 |   2 | 1524.0 |
        Vaults |   6850 |   6642 |    208 |    166 |   4970 |   5 | 1370.0 |
      Ice Cave |    741 |    741 |      0 |    177 |    332 |   1 |  741.0 |
      Gauntlet |    528 |    528 |      0 |     27 |    324 |   1 |  528.0 |
               +--------+--------+--------+--------+--------+-----+--------+

Top non-repeatable levels by time:
    D:14: 2766 daAuts
    D:12: 2508 daAuts
Vaults:2: 2377 daAuts
   Orc:1: 2296 daAuts
Vaults:1: 2042 daAuts
 Snake:3: 1985 daAuts
 Snake:1: 1720 daAuts
    D:15: 1651 daAuts
 Snake:4: 1531 daAuts
    D:13: 1492 daAuts
  Lair:4: 1436 daAuts
  Lair:1: 1416 daAuts
  Lair:6: 1343 daAuts
 Swamp:1: 1260 daAuts
Vaults:3: 1235 daAuts
